[Event "Late-Titled-Tuesday-Blitz-May-28-2024"]
[Site "Chess.com"]
[Date "2024.05.28"]
[Round "10"]
[White "Quaide7"]
[Black "SoCalJuniorChess"]
[Result "1-0"]
[WhiteElo "2144"]
[BlackElo "2193"]
[TimeControl "180+1"]
[EndTime "15:49:33 PDT"]
[Termination "Quaide7 won by resignation"]

1. e4 d5 2. exd5 Qxd5 3. Nc3 Qd8 4. d4 Nf6 5. g3 c6 6. Bg2 g6 7. Nge2 Bg7 8. O-O O-O 9. Be3 Nd5 10. Nxd5 cxd5 11.
Qd2 b6 12. Bh6 Bb7 13. c3 Nd7 14. h4 f5 15. h5 Nf6 16. hxg6 hxg6 17. Qg5 Kf7 18. Nf4 1-0

[Event "Late-Titled-Tuesday-Blitz-May-28-2024"]
[Site "Chess.com"]
[Date "2024.05.28"]
[Round "10"]
[White "tactic"]
[Black "RAU4ever"]
[Result "1-0"]
[WhiteElo "2546"]
[BlackElo "2357"]
[TimeControl "180+1"]
[EndTime "15:49:37 PDT"]
[Termination "tactic won by resignation"]

1. Nf3 Nf6 2. g3 e6 3. Bg2 d5 4. O-O Be7 5. c4 dxc4 6. Na3 a6 7. Nxc4 O-O 8. d4 c5 9. Be3 Nbd7 10. dxc5 Nxc5 11. Qxd8 Rxd8 12. Nb6 Ra7 13. Rac1 Ncd7 14. Nxc8 1-0

[Event "Late-Titled-Tuesday-Blitz-May-28-2024"]
[Site "Chess.com"]
[Date "2024.05.28"]
[Round "10"]
[White "shirovin"]
[Black "egnfanclub"]
[Result "0-1"]
[WhiteElo "2114"]
[BlackElo "2329"]
[TimeControl "180+1"]
[EndTime "15:50:24 PDT"]
[Termination "egnfanclub won by checkmate"]

1. e4 e5 2. Nf3 Nc6 3. Bc4 Nf6 4. d3 Bc5 5. O-O d6 6. c3 a5 7. a4 O-O 8. Bg5 h6 9. Bh4 g5 10. Nxg5 hxg5 11. Bxg5 Kg7 12. Kh1 Qd7 13. h3 Rh8 14.
Bxf6+ Kxf6 15. f4 Rxh3+ 16. gxh3 Qxh3# 0-1

[Event "Late-Titled-Tuesday-Blitz-May-28-2024"]
[Site "Chess.com"]
[Date "2024.05.28"]
[Round "10"]
[White "WildBizon"]
[Black "DucksParadise"]
[Result "1-0"]
[WhiteElo "2736"]
[BlackElo "2565"]
[TimeControl "180+1"]
[EndTime "15:50:29 PDT"]
[Termination "WildBizon won by resignation"]

1. e4 e6 2. d4 d5 3. e5 c5 4. c3 Ne7 5. Na3 Nec6 6. Nc2 b6 7.
f4 Ba6 8. Bxa6 Nxa6 9. Nf3 cxd4 10.
Ncxd4 Nxd4 11. Nxd4 Qh4+ 12. g3 Qh3 13. Qa4+ Kd8 14. Qxa6 Qg2 15. Rf1 Qxh2 16. Qb7 Qxg3+ 17. Ke2 Rc8 18. Qxf7 Be7 19. Qxe6 1-0

[Event "Late-Titled-Tuesday-Blitz-May-28-2024"]
[Site "Chess.com"]
[Date "2024.05.28"]
[Round "10"]
[White "betta2004"]
[Black "YellowJacek"]
[Result "1-0"]
[WhiteElo "2545"]
[BlackElo "2357"]
[TimeControl "180+1"]
[EndTime "15:50:32 PDT"]
[Termination "betta2004 won by resignation"]

1. d4 d5 2. c4 c6 3. Nc3 dxc4 4. Nf3 Nf6 5. a4 Bf5 6. e3 e6 7. Bxc4 Bb4 8. O-O O-O 9. h3 Nbd7 10. Qe2 Bg6 11.
Bd3 Bxd3 12. Qxd3 Re8 13. e4 Nc5 14. Qc4 Bxc3 15. dxc5 Ba5 16. Bg5 h6 17. Bh4 Bc7 18. Rad1 Qe7 19. e5 1-0

[Event "Late-Titled-Tuesday-Blitz-May-28-2024"]
[Site "Chess.com"]
[Date "2024.05.28"]
[Round "10"]
[White "Mikhail_Golubev"]
[Black "lrjchess"]
[Result "1-0"]
[WhiteElo "2639"]
[BlackElo "2500"]
[TimeControl "180+1"]
[EndTime "15:51:13 PDT"]
[Termination "Mikhail_Golubev won by resignation"]

1. e4 d5 2. exd5 Nf6 3. Nf3 Bg4 4. h3 Bxf3 5. Qxf3 Qxd5 6. Qxd5 Nxd5 7. g3 Nb4 8. Na3 e5 9. c3 N4c6 10. Nb5 Na6 11.
Bg2 O-O-O 12. b4 Nab8 13. a4 f5 14. a5 e4 15. d4 exd3 16. Bf4 a6 17. Na3 Bd6 18.
Bxd6 Rhe8+ 19. Kd2 Re2+ 20. Kxd3 Rxd6+ 21. Kxe2 1-0

[Event "Late-Titled-Tuesday-Blitz-May-28-2024"]
[Site "Chess.com"]
[Date "2024.05.28"]
[Round "10"]
[White "cassoulet"]
[Black "mostafa_sakha"]
[Result "1-0"]
[WhiteElo "2728"]
[BlackElo "2398"]
[TimeControl "180+1"]
[EndTime "15:51:28 PDT"]
[Termination "cassoulet won by resignation"]

1. d4 Nf6 2. Bg5 Ne4 3. h4 d5 4. Nd2 Bf5 5. e3 h6 6. Bf4 e6 7.
c3 Bd6 8. Ngf3 Bxf4 9. exf4 c5 10. Nxe4 Bxe4 11. Bb5+ Kf8 12. dxc5 Qc7 13. Qd4 Qxf4 14.
Ne5 Qf5 15. f3 f6 16. fxe4 Qxe5 17. Qxe5 fxe5 18. exd5 exd5 19. O-O-O a6 20. Rxd5 Nc6 21. Rf1+ Ke7 22. Bxc6 bxc6 23. Rxe5+ Kd7 24. Rf7+ 1-0

[Event "Late-Titled-Tuesday-Blitz-May-28-2024"]
[Site "Chess.com"]
[Date "2024.05.28"]
[Round "10"]
[White "tgpgoat"]
[Black "Cuchulin"]
[Result "1-0"]
[WhiteElo "2506"]
[BlackElo "2261"]
[TimeControl "180+1"]
[EndTime "15:51:28 PDT"]
[Termination "tgpgoat won by resignation"]

1. Nf3 d5 2. g3 Nf6 3. Bg2 e6 4. O-O Be7 5. c4 O-O 6. cxd5 exd5 7. Nc3 c6 8. d4 Nbd7 9. Bf4 Re8 10. Ne5 Nxe5 11. dxe5 Nd7 12. e4 dxe4 13. Nxe4 Bf8 14. Nd6 Bxd6 15. exd6 Nf6 16. Re1 Bd7 17. Qb3 b5 18.
Rec1 Qb6 19. Be3 Qb7 20. a4 a6 21. axb5 axb5 22. Qb4 Rxa1 23. Rxa1 h6 24. Ra7 Qc8 25.
Rc7 Qd8 26. Bxc6 Bxc6 27. Rxc6 Nd5 28. Qd4 Nxe3 29. fxe3 Qa5 30. Qc3 Qa1+ 31. Qc1 Qxc1+ 32. Rxc1 Rxe3 33. d7 1-0

[Event "Late-Titled-Tuesday-Blitz-May-28-2024"]
[Site "Chess.com"]
[Date "2024.05.28"]
[Round "10"]
[White "VirtualCoach"]
[Black "maurovargas01"]
[Result "1-0"]
[WhiteElo "2195"]
[BlackElo "1923"]
[TimeControl "180+1"]
[EndTime "15:51:35 PDT"]
[Termination "VirtualCoach won by checkmate"]

1. e4 c6 2. d4 d5 3. e5 Bf5 4.
Nf3 e6 5. Be2 Nd7 6. O-O c5 7.
c4 cxd4 8. cxd5 exd5 9. Nxd4 Bg6 10. Bb5 a6 11. Bxd7+ Qxd7 12. Re1 Bc5 13. e6 fxe6 14.
Nxe6 Bd6 15. Nc5+ Qe7 16. Rxe7+ Kxe7 17. Nxb7 Bc7 18. Nc3 Rd8 19. Nxd8 Bxd8 20. Bg5+ Nf6 21. Nxd5+ Kf7 22. Bxf6 gxf6 23. Qb3 Kg7 24. Re1 Ba5 25.
Re7+ Kh6 26. Qe3+ Kh5 27. g4+ Kh4 28. Qg3+ Kg5 29. h4+ Kh6 30. g5+ fxg5 31. hxg5+ Kh5 32. Nf4# 1-0

[Event "Late-Titled-Tuesday-Blitz-May-28-2024"]
[Site "Chess.com"]
[Date "2024.05.28"]
[Round "10"]
[White "dolynachess"]
[Black "CheckBits"]
[Result "0-1"]
[WhiteElo "2504"]
[BlackElo "2416"]
[TimeControl "180+1"]
[EndTime "15:51:36 PDT"]
[Termination "CheckBits won by resignation"]

1. d4 d5 2. c4 dxc4 3. Nf3 a6 4. g3 b5 5. a4 Bb7 6. Bg2 e6 7. O-O Nd7 8. Nc3 b4 9. Na2 a5 10. Bg5 Be7 11. Bxe7 Nxe7 12. Rc1 Bd5 13. Ne5 Nxe5 14.
dxe5 c3 15. Bxd5 Qxd5 16. Qxd5 exd5 17. bxc3 b3 18. c4 bxa2 19. cxd5 Nxd5 20. e4 Nb4 21.
Rxc7 O-O 0-1

[Event "Late-Titled-Tuesday-Blitz-May-28-2024"]
[Site "Chess.com"]
[Date "2024.05.28"]
[Round "10"]
[White "FuenfgegenWilly"]
[Black "Oleg_Papayan"]
[Result "1-0"]
[WhiteElo "2491"]
[BlackElo "2593"]
[TimeControl "180+1"]
[EndTime "15:51:45 PDT"]
[Termination "FuenfgegenWilly won by resignation"]

1. b3 e5 2. Bb2 Nc6 3. e3 Nf6 4. c4 d5 5. cxd5 Nxd5 6. a3 Bd6 7. Qc2 O-O 8. Nf3 Re8 9. h4 e4 10. Ng5 Bf5 11. Bc4 Be5 12. g4 Bxb2 13. Qxb2 Bxg4 14.
Rg1 h5 15. Nc3 Nxc3 16. Bxf7+ Kf8 17. Bxe8 Ne2 18. Rxg4 Kxe8 19. Qxg7 Qd5 20. Rxe4+ Kd8 21. Ne6+ 1-0

[Event "Late-Titled-Tuesday-Blitz-May-28-2024"]
[Site "Chess.com"]
[Date "2024.05.28"]
[Round "10"]
[White "gxbg2000"]
[Black "David_ATM"]
[Result "0-1"]
[WhiteElo "2030"]
[BlackElo "2420"]
[TimeControl "180+1"]
[EndTime "15:51:45 PDT"]
[Termination "David_ATM won by resignation"]

1. e4 e5 2. Nf3 Nc6 3. Bc4 Bc5 4. d3 Nf6 5. O-O d6 6. c3 a6 7. Bg5 h6 8. Bh4 g5 9. Bg3 Ba7 10. Nbd2 Be6 11. Bxe6 fxe6 12. Nc4 O-O 13. Ne3 Kg7 14. Qd2 Nh5 15. Ng4 Nxg3 16. hxg3 Kg6 17. d4 h5 18. Ne3 Qf6 19. Rad1 Kg7 20. dxe5 Nxe5 21. Nxe5 Qxe5 22. Nc4 Qxe4 23. Qxg5+ Qg6 24. Qe3 Bxe3 0-1

[Event "Late-Titled-Tuesday-Blitz-May-28-2024"]
[Site "Chess.com"]
[Date "2024.05.28"]
[Round "10"]
[White "TigrVShlyape"]
[Black "Valiyev_Shahin"]
[Result "1-0"]
[WhiteElo "2922"]
[BlackElo "2585"]
[TimeControl "180+1"]
[EndTime "15:51:53 PDT"]
[Termination "TigrVShlyape won by resignation"]

1. d4 Nf6 2. Bf4 g6 3. c3 Bg7 4.
Nf3 O-O 5. Nbd2 d6 6. h3 b6 7. e4 Bb7 8. Bd3 Nbd7 9. O-O Re8 10. Re1 e5 11. Bg5 h6 12. Bh4 Qe7 13.
a4 Qf8 14. a5 Nh5 15. Bb5 c6 16.
a6 cxb5 17. axb7 Rab8 18. Rxa7 b4 19. Qa4 exd4 20. Qxd7 dxc3 21. bxc3 bxc3 22. Nb3 g5 23. Bg3 Red8 24. Qc6 Qe7 25. Bh2 Rd7 1-0

[Event "Late-Titled-Tuesday-Blitz-May-28-2024"]
[Site "Chess.com"]
[Date "2024.05.28"]
[Round "10"]
[White "Dacean99"]
[Black "giomar27"]
[Result "1-0"]
[WhiteElo "2599"]
[BlackElo "2471"]
[TimeControl "180+1"]
[EndTime "15:51:59 PDT"]
[Termination "Dacean99 won by resignation"]

1. e4 e5 2. Nf3 Nc6 3. d4 exd4 4. Bc4 Nf6 5. e5 d5 6. Bb5 Ne4 7. Nxd4 Bc5 8. Be3 Bd7 9. Bxc6 bxc6 10. O-O O-O 11.
f3 Ng5 12. f4 Ne4 13. Nd2 Nxd2 14. Qxd2 Qe8 15. Nb3 Bb6 16. Bc5 f6 17. Rae1 fxe5 18. Rxe5 Qg6 19. a4 Rae8 20. a5 Bxc5+ 21. Nxc5 Rxe5 22.
fxe5 Rxf1+ 23. Kxf1 Bf5 24. c3 Kf7 25. Qf4 Ke7 26.
e6 Bd3+ 27. Ke1 Kd8 28. Qf8+ 1-0

[Event "Late-Titled-Tuesday-Blitz-May-28-2024"]
[Site "Chess.com"]
[Date "2024.05.28"]
[Round "10"]
[White "NikitaShnadrygin"]
[Black "Ramosha"]
[Result "1-0"]
[WhiteElo "2739"]
[BlackElo "2582"]
[TimeControl "180+1"]
[EndTime "15:52:12 PDT"]
[Termination "NikitaShnadrygin won by checkmate"]

1. e4 c6 2. d4 d5 3. f3 dxe4 4.
fxe4 e5 5. Nf3 Bg4 6. Bc4 Nd7 7. O-O Ngf6 8. c3 b5 9. Bb3 Be7 10. dxe5 Bxf3 11. Qxf3 Nxe5 12. Qg3 Ng6 13. e5 Nd5 14.
Nd2 O-O 15. Nf3 Qb6+ 16. Kh1 Rad8 17. Nd4 Rfe8 18. Nf5 Bf8 19. Bg5 Rd7 20. Rae1 Nc7 21.
h4 h5 22. Be3 Qb8 23. Qxg6 Nd5 24. Nh6+ Kh8 25. Nxf7+ Kg8 26. Nh6+ Kh8 27. e6 Rde7 28.
Nf7+ Kg8 29. Ng5 Qg3 30. Qh7# 1-0

[Event "Late-Titled-Tuesday-Blitz-May-28-2024"]
[Site "Chess.com"]
[Date "2024.05.28"]
[Round "10"]
[White "RandomNoob04"]
[Black "Stanbad1"]
[Result "1-0"]
[WhiteElo "2786"]
[BlackElo "2677"]
[TimeControl "180+1"]
[EndTime "15:52:17 PDT"]
[Termination "RandomNoob04 won by resignation"]

1. e4 e6 2. d4 d5 3. e5 c5 4.
c3 Nc6 5. Nf3 Bd7 6. Bd3 cxd4 7.
cxd4 Qb6 8. O-O Nxd4 9. Nxd4 Qxd4 10. Nc3 a6 11. Qe2 Ne7 12. Kh1 Nc6 13. Be3 Qh4 14. Bd2 Bc5 15. f4 Qe7 16. f5 O-O-O 17. a3 exf5 18. Bxa6 Nd4 19. Qd3 Bc6 20. Bb5 Nxb5 21.
Nxb5 Qxe5 22. Rac1 d4 23. Rxf5 Bxb5 24. Rxc5+ Kb8 25.
Rxb5 Qe6 26. Bf4+ Kc8 27. Rfc5+ 1-0

[Event "Late-Titled-Tuesday-Blitz-May-28-2024"]
[Site "Chess.com"]
[Date "2024.05.28"]
[Round "10"]
[White "protectiago"]
[Black "jinxy2009"]
[Result "1-0"]
[WhiteElo "2127"]
[BlackElo "2266"]
[TimeControl "180+1"]
[EndTime "15:52:23 PDT"]
[Termination "protectiago won by checkmate"]

1. d4 d5 2. c4 c6 3. g3 Nf6 4. Qc2 e6 5. Nf3 Be7 6. Bg2 O-O 7. O-O b5 8. b3 bxc4 9. bxc4 Ba6 10. Ne5 Nfd7 11.
Rd1 Nxe5 12. dxe5 Nd7 13. cxd5 cxd5 14. Bf4 Rc8 15. Qd2 f6 16. exf6 Nxf6 17. Nc3 Bb4 18. Be5 Qa5 19. Rac1 Ne4 20. Bxe4 dxe4 21. Qg5 Rf5 22.
Qxg7# 1-0

[Event "Late-Titled-Tuesday-Blitz-May-28-2024"]
[Site "Chess.com"]
[Date "2024.05.28"]
[Round "10"]
[White "Boninknights"]
[Black "Zq1"]
[Result "0-1"]
[WhiteElo "2431"]
[BlackElo "2539"]
[TimeControl "180+1"]
[EndTime "15:52:36 PDT"]
[Termination "Zq1 won by resignation"]

1. d4 Nf6 2. Nf3 e6 3. c4 a6 4.
Bg5 c5 5. d5 exd5 6. cxd5 d6 7.
a4 Be7 8. Nc3 h6 9. Bxf6 Bxf6 10. Nd2 O-O 11. Nc4 Be7 12. e3 b6 13. Qb3 Nd7 14. Be2 Rb8 15. O-O Qc7 16. Rfc1 Bf6 17. Ne4 Be7 18. Qd1 f5 19. Ng3 f4 20. exf4 Rxf4 21.
Nh5 Rd4 22. Qc2 Nf6 23. Qg6 Nxh5 24. Bxh5 Bf8 25. b4 Rxd5 26. h4 Bf5 27. Qg3 Bd3 28. Ne3 Rxh5 0-1

[Event "Late-Titled-Tuesday-Blitz-May-28-2024"]
[Site "Chess.com"]
[Date "2024.05.28"]
[Round "10"]
[White "KebabJangles"]
[Black "Qvalda"]
[Result "0-1"]
[WhiteElo "2270"]
[BlackElo "2390"]
[TimeControl "180+1"]
[EndTime "15:53:04 PDT"]
[Termination "Qvalda won by resignation"]

1. d4 d5 2. c4 e6 3. Nf3 Nf6 4. g3 Be7 5. Bg2 O-O 6. O-O dxc4 7. Qc2 b6 8. Ne5 Qxd4 9. Bxa8 Qxe5 10. Qxc4 Ba6 11. Qc2 Qxe2 12. Qxe2 Bxe2 13. Re1 Ba6 14. Bg2 c5 15. Nc3 Rd8 16. Bf4 Nd5 17. Be5 Nb4 18. Rad1 Nd3 19. Re3 Nxe5 20. Rxd8+ Bxd8 21. Rxe5 Kf8 22. Re1 Bf6 23. Rd1 Ke7 24. Be4 h6 25. h4 Bd4 26. Kg2 f5 27. Bf3 Nd7 28. Rd2 Ne5 29. Be2 Bb7+ 30. f3 g5 31. hxg5 hxg5 32.
Nb5 g4 33. Nxd4 cxd4 34. Kf2 gxf3 35. Bb5 Ng4+ 36. Kf1 e5 37. Bd3 e4 38. Bb5 d3 39.
Bxd3 exd3 40. Rxd3 Ke6 41. Ra3 a5 42. Rb3 Ke5 43. Rxb6 Be4 44. Rb3 a4 45. Ra3 Bc6 46. Kg1 f2+ 47. Kf1 Bb5+ 0-1

[Event "Late-Titled-Tuesday-Blitz-May-28-2024"]
[Site "Chess.com"]
[Date "2024.05.28"]
[Round "10"]
[White "Orest_Vovk"]
[Black "TheAlienParty"]
[Result "0-1"]
[WhiteElo "2500"]
[BlackElo "2406"]
[TimeControl "180+1"]
[EndTime "15:53:11 PDT"]
[Termination "TheAlienParty won by resignation"]

1. h4 d5 2. h5 h6 3. e4 dxe4 4. Nc3 Nf6 5. Qe2 Bf5 6. Qb5+ Bd7 7. Qxb7 Nc6 8. Bb5 Rb8 9. Qxc6 Bxc6 10. Bxc6+ Nd7 11.
Nxe4 Rb6 12. Ba4 c6 13. Nf3 Qc7 14. d4 e6 15. c3 Be7 16. b4 O-O 17. Bb3 e5 18. Be3 exd4 19. Bxd4 c5 20. bxc5 Nxc5 21. Ned2 Nxb3 22. Bxb6 Qxc3 23. O-O Nxd2 24. Nxd2 axb6 25. Ne4 Qe5 26. Ng3 Bh4 27. Rfe1 Qg5 28. Ne4 Qxh5 29. Rab1 Qa5 30. Re2 f5 31. Nd6 f4 32. Rb5 Qa4 33.
Rxb6 Qd1+ 0-1

[Event "Late-Titled-Tuesday-Blitz-May-28-2024"]
[Site "Chess.com"]
[Date "2024.05.28"]
[Round "10"]
[White "Bryanl106"]
[Black "temus_galaktionov"]
[Result "1-0"]
[WhiteElo "2710"]
[BlackElo "2859"]
[TimeControl "180+1"]
[EndTime "15:53:19 PDT"]
[Termination "Bryanl106 won by resignation"]

1. e4 c6 2. Nf3 g6 3. d4 d6 4. c4 Bg7 5. Nc3 Bg4 6. Be3 Qb6 7. Qd2 Bxf3 8. gxf3 Nd7 9. f4 Qa5 10. e5 Rd8 11. Ne4 Qxd2+ 12. Nxd2 Nh6 13. Bh3 b6 14. Ne4 dxe5 15. fxe5 Nf5 16. Rg1 Nxe3 17. fxe3 f6 18. e6 Nf8 19. Rd1 Bh6 20. d5 Bxe3 21. Rg3 Bf4 22. Ra3 f5 23. Nc3 cxd5 24. cxd5 Bb8 25.
Bf1 Rc8 26. Ba6 Rc5 27. b4 Rc7 28. Bb5+ Kd8 29. Bc6 Kc8 30. Nb5 Nxe6 31. Nxc7 Nxc7 32. Re3 Kd8 33. d6 exd6 34. Rxd6+ Kc8 35. Rdd3 Na6 36. Re7 Bc7 37. a3 Nb8 38. Bd5 Kd8 39. Rg7 Bxh2 40. Bc6+ 1-0

[Event "Late-Titled-Tuesday-Blitz-May-28-2024"]
[Site "Chess.com"]
[Date "2024.05.28"]
[Round "10"]
[White "kingofthenil"]
[Black "amintabatabaei"]
[Result "1-0"]
[WhiteElo "2965"]
[BlackElo "3046"]
[TimeControl "180+1"]
[EndTime "15:53:22 PDT"]
[Termination "kingofthenil won by resignation"]

1. Nf3 d5 2. e3 Nf6 3. c4 c6 4. Nc3 g6 5. d4 Bg7 6. Be2 O-O 7.
O-O dxc4 8. Bxc4 Nbd7 9. Bb3 Nb6 10. Qe2 Bg4 11. Rd1 a5 12. a3 Nfd5 13. h3 Bxf3 14.
Qxf3 a4 15. Ba2 e6 16. e4 Nxc3 17. bxc3 Nd7 18. Rb1 b5 19. e5 Qc7 20. h4 Rab8 21. h5 c5 22. h6 Bh8 23. Bg5 Rfe8 24. Qe4 c4 25. f4 f5 26. Qf3 Rec8 27. d5 Nc5 28.
dxe6 Nxe6 29. Bh4 Nxf4 30. Qxf4 Bxe5 31. Qf3 Qc5+ 32. Bf2 Qc6 33. Rd8+ 1-0

[Event "Late-Titled-Tuesday-Blitz-May-28-2024"]
[Site "Chess.com"]
[Date "2024.05.28"]
[Round "10"]
[White "GoValya"]
[Black "JohnWhite1952"]
[Result "1-0"]
[WhiteElo "2220"]
[BlackElo "2022"]
[TimeControl "180+1"]
[EndTime "15:53:24 PDT"]
[Termination "GoValya won by resignation"]

1. d4 e6 2. e4 d5 3. exd5 exd5 4. Bd3 Bd6 5. Nf3 Nf6 6. h3 O-O 7. O-O Re8 8. c4 Be6 9. c5 Bf8 10. Nc3 a6 11. Bg5 h6 12. Bh4 Be7 13. Rc1 b6 14. b4 Nc6 15. b5 Nb4 16. bxa6 Nxa6 17. cxb6 cxb6 18. Ne5 Nb4 19. Bb5 Rf8 20. Qb3 Rc8 21.
a3 g5 22. Bg3 Ne4 23. Nxe4 dxe4 24. Qb2 Rxc1 25. Rxc1 Nd5 26. Nc6 Qd6 27. Bxd6 Bxd6 28.
Bc4 Ra8 29. Bxd5 Bxa3 30. Qa2 Bxd5 31. Qxd5 Bxc1 32. Ne7+ 1-0

[Event "Late-Titled-Tuesday-Blitz-May-28-2024"]
[Site "Chess.com"]
[Date "2024.05.28"]
[Round "10"]
[White "LiemLe"]
[Black "RuperezA"]
[Result "1-0"]
[WhiteElo "3021"]
[BlackElo "2738"]
[TimeControl "180+1"]
[EndTime "15:53:30 PDT"]
[Termination "LiemLe won on time"]

1. c4 e6 2. g3 d5 3. Bg2 Nf6 4. Nf3 Be7 5. O-O O-O 6. b3 c5 7. Ne5 Nbd7 8. Bb2 Nxe5 9. Bxe5 d4 10. Bxf6 Bxf6 11. d3 Be7 12. Nd2 e5 13. a3 a5 14.
Qc2 Ra6 15. e4 dxe3 16. fxe3 Rd6 17. Bd5 Be6 18. e4 Bg5 19. Nf3 Be3+ 20. Kg2 b6 21. Nxe5 Bd4 22. Nc6 Qd7 23. Nxd4 Bh3+ 24. Kg1 Bxf1 25. Nf5 Bh3 26. Nxd6 Qxd6 27. Qc3 Qh6 28.
Re1 Qg5 29. d4 cxd4 30. Qxd4 h6 31. Qxb6 Qd2 32. Qf2 Qd3 33. c5 Rd8 34. Bxf7+ Kh8 35.
Bd5 Qc3 36. c6 1-0

[Event "Late-Titled-Tuesday-Blitz-May-28-2024"]
[Site "Chess.com"]
[Date "2024.05.28"]
[Round "10"]
[White "Onthequiet"]
[Black "ChadBiryani"]
[Result "0-1"]
[WhiteElo "2442"]
[BlackElo "2546"]
[TimeControl "180+1"]
[EndTime "15:53:30 PDT"]
[Termination "ChadBiryani won by resignation"]

1. e4 c5 2. b3 Nc6 3. Bb2 e6 4. Bb5 Nd4 5. Bxd4 cxd4 6. Nf3 Qf6 7. e5 Qg6 8. O-O Bc5 9. c3 d3 10. b4 Bb6 11. Na3 Ne7 12. Qb1 O-O 13. Bxd3 Qh6 14. Nc4 Bc7 15. Be4 Ng6 16. d4 Nf4 17. Re1 f5 18.
Bc2 g5 19. Qc1 b6 20. h4 g4 21. Ng5 Ng6 22. g3 Bb7 23. Nb2 Nxh4 24. gxh4 Qxh4 25.
Ne4 fxe4 26. Nd1 g3 27. Rxe4 Qh2+ 0-1

[Event "Late-Titled-Tuesday-Blitz-May-28-2024"]
[Site "Chess.com"]
[Date "2024.05.28"]
[Round "10"]
[White "Tol_Tol"]
[Black "blueryder"]
[Result "1-0"]
[WhiteElo "2346"]
[BlackElo "2167"]
[TimeControl "180+1"]
[EndTime "15:53:36 PDT"]
[Termination "Tol_Tol won by resignation"]

1. d4 d5 2. c4 e6 3. Nc3 Nf6 4.
Bg5 Be7 5. e3 Nbd7 6. Nf3 O-O 7.
Qc2 h6 8. h4 c5 9. cxd5 Nxd5 10. Nxd5 exd5 11. Bxe7 Qxe7 12. Be2 cxd4 13. Nxd4 Nf6 14. Bf3 Ne4 15. O-O-O Bd7 16. Kb1 Rfc8 17. Qe2 Bc6 18. g4 Qb4 19. Bxe4 dxe4 20. g5 h5 21. Qxh5 Bd5 22. g6 Qa5 23. gxf7+ Kf8 24. Nb3 Qc7 25. Rxd5 Qc2+ 26. Ka1 Qxf2 27. Rf5 1-0

[Event "Late-Titled-Tuesday-Blitz-May-28-2024"]
[Site "Chess.com"]
[Date "2024.05.28"]
[Round "10"]
[White "GarayevKanan"]
[Black "Abduzhaparov"]
[Result "1-0"]
[WhiteElo "2735"]
[BlackElo "2518"]
[TimeControl "180+1"]
[EndTime "15:53:39 PDT"]
[Termination "GarayevKanan won on time"]

1. d4 d6 2. e4 Nf6 3. Nc3 e5 4. Nge2 exd4 5. Nxd4 Be7 6. g3 O-O 7. Bg2 Re8 8. O-O Bf8 9. h3 Nbd7 10. Re1 Nc5 11.
Nb3 Ncd7 12. Nd4 Nc5 13. Nb3 Ncd7 14. f4 a5 15. a4 c6 16. Be3 Qc7 17. g4 Nb6 18. g5 Nfd7 19. Qe2 g6 20. Rad1 Bg7 21. Bd4 d5 22. Bxg7 Kxg7 23. Qf2 dxe4 24. Qd4+ Kg8 25. Nxe4 Nd5 26. f5 Qb6 27. Nec5 Rf8 28. Nxd7 Bxd7 29. Bxd5 Qxd4+ 30. Rxd4 cxd5 31. f6 Rfe8 32. Rxe8+ Bxe8 33. Nc5 Bc6 34. b3 Re8 35. Kf2 Re5 36. h4 Rf5+ 37.
Kg3 Rf1 38. Nd3 Rg1+ 39. Kf2 Rh1 40. c4 Rh2+ 41. Kg3 Rb2 42. cxd5 Bd7 43. Nc5 1-0

[Event "Late-Titled-Tuesday-Blitz-May-28-2024"]
[Site "Chess.com"]
[Date "2024.05.28"]
[Round "10"]
[White "nabukatnezarr"]
[Black "wild3000"]
[Result "1-0"]
[WhiteElo "2629"]
[BlackElo "2372"]
[TimeControl "180+1"]
[EndTime "15:53:41 PDT"]
[Termination "nabukatnezarr won by checkmate"]

1. f3 a5 2. Kf2 a4 3. e3 h5 4. a3 h4 5. d4 b6 6. c4 Bb7 7. Nc3 Nf6 8. Nxa4 e6 9. Nc3 d5 10. Bd3 c5 11. Nge2 cxd4 12. exd4 dxc4 13. Bxc4 h3 14. g3 Be7 15. Be3 Nc6 16. Rf1 Na5 17.
Ba2 Rc8 18. Kg1 Nc4 19. Bxc4 Rxc4 20. Nf4 g5 21. Nfe2 g4 22. Qd3 Rc8 23. Ne4 Nxe4 24. fxe4 f5 25. Nc3 O-O 26. d5 Bf6 27. Rad1 Bxc3 28.
bxc3 fxe4 29. Qxe4 Rxf1+ 30. Rxf1 Qxd5 31. Qg6+ Kh8 32. Bd4+ e5 33. Qh5+ Kg8 34. Qxg4+ Kh8 35. Qxh3+ Kg8 36.
Qg4+ Kh8 37. Qh5+ Kg8 38. Qg5+ Kh8 39. Bxe5+ Kh7 40. Qg7# 1-0

[Event "Late-Titled-Tuesday-Blitz-May-28-2024"]
[Site "Chess.com"]
[Date "2024.05.28"]
[Round "10"]
[White "toninhojit"]
[Black "giovannibrandao7"]
[Result "1-0"]
[WhiteElo "2535"]
[BlackElo "2279"]
[TimeControl "180+1"]
[EndTime "15:53:41 PDT"]
[Termination "toninhojit won by resignation"]

1. d4 Nf6 2. c4 g6 3. Nc3 d5 4.
cxd5 Nxd5 5. e4 Nxc3 6. bxc3 Bg7 7. Be3 c5 8. Rc1 cxd4 9. cxd4 O-O 10. Qd2 Nc6 11.
d5 Ne5 12. Be2 Ng4 13. Bd4 Bh6 14. f4 e5 15. Bxg4 Bxf4 16. Be3 Bxe3 17. Qxe3 Qh4+ 18. g3 Qxg4 19. Nf3 b6 20. O-O f6 21. Rc7 Ba6 22. Rfc1 Rfc8 23. d6 Qe6 24. Qd2 Rd8 25. Re7 Qxe7 26.
dxe7 Rxd2 27. Nxd2 Re8 28. Rc7 Kf7 29. Rxa7 Bc8 30.
Nc4 Ke6 31. Nxb6 f5 32. Kf2 fxe4 33. Ke3 Kd6 34. Ra8 Bd7 35. Rd8 Rxe7 36. Kxe4 Kc6 37. Rxd7 Re8 38. Nd5 1-0

[Event "Late-Titled-Tuesday-Blitz-May-28-2024"]
[Site "Chess.com"]
[Date "2024.05.28"]
[Round "10"]
[White "Smiechu"]
[Black "luca_va99"]
[Result "1-0"]
[WhiteElo "2464"]
[BlackElo "2205"]
[TimeControl "180+1"]
[EndTime "15:53:48 PDT"]
[Termination "Smiechu won on time"]

1. e4 d5 2. exd5 Qxd5 3. Nf3 Bg4 4. Be2 Nc6 5. d4 O-O-O 6. Be3 e5 7. c4 Qa5+ 8. Bd2 Bb4 9. d5 Bxf3 10. Bxf3 Nd4 11. Nc3 Nxf3+ 12. Qxf3 Nf6 13. a3 e4 14. Qe2 Rhe8 15. O-O Bxc3 16. Bxc3 Qc5 17. b4 Qd6 18. h3 Qf4 19. Bd2 Qh4 20. Be3 Nh5 21. Qd2 h6 22. Qd4 b6 23. c5 Nf4 24. Bxf4 Qxf4 25.
Qc4 Qf5 26. c6 Kb8 27. Rad1 Re5 28. d6 Qe6 29. dxc7+ Kxc7 30. Qa6 Qxc6 31. Rc1 Rd6 32. Qxa7+ Kd8 33. Rxc6 Rxc6 34. Qb8+ 1-0

[Event "Late-Titled-Tuesday-Blitz-May-28-2024"]
[Site "Chess.com"]
[Date "2024.05.28"]
[Round "10"]
[White "Redzishchess"]
[Black "RantomOpening"]
[Result "0-1"]
[WhiteElo "2465"]
[BlackElo "2584"]
[TimeControl "180+1"]
[EndTime "15:53:49 PDT"]
[Termination "RantomOpening won on time"]

1. d4 g6 2. Nf3 Bg7 3. e4 d6 4. c3 c6 5. Bd3 Nf6 6. O-O O-O 7. h3 Qc7 8. Re1 e5 9. Nbd2 Be6 10. Nf1 Bc8 11. Be3 Nbd7 12. Qd2 b6 13. Bh6 Bb7 14. Ng3 Rfe8 15. Rad1 c5 16. dxe5 Nxe5 17.
Nxe5 dxe5 18. Bxg7 Kxg7 19. Qg5 Ng8 20. Nh5+ Kh8 21. Ng3 Qe7 22. Qe3 Rad8 23. Bb5 Rf8 24. a4 Nf6 25. h4 Ng4 26. Qf3 Qxh4 27. Nf1 Nf6 28. Rxd8 Rxd8 29. g3 Qg5 30. Rd1 Rxd1 31. Qxd1 Bxe4 32. Qd8+ Kg7 33. Ne3 Qh5 34. Ng2 Qf3 35. Bf1 Ng4 36. Qd2 a5 37. b3 h5 38.
Qc2 Bxc2 0-1